 Dungeon Crawl Stone Soup version 0.30-a0-414-gcb316572d5 (webtiles) character file.

Game seed: 868771460631249804

29 NinjaNoafa the Poker (level 3, 0/31 HPs)
             Began as a Minotaur Fighter on Dec 7, 2022.
             Slain by a kobold
             ... wielding a +1 dagger of electrocution
              (18 damage)
             ... on level 1 of the Dungeon.
             The game lasted 00:00:38 (426 turns).

NinjaNoafa the Poker (Minotaur Fighter)              Turns: 426, Time: 00:00:38

Health: 0/31       AC: 11    Str: 20    XL:     3   Next: 1%
Magic:  2/2        EV:  5    Int:  5    God:
Gold:   0          SH:  4    Dex: 11    Spells: 2/2 levels left

rFire   . . .      SeeInvis .    a - +0 trident
rCold   . . .      Faith    .    c - +0 buckler
rNeg    . . .      Spirit   .    h - +0 plate armour
rPois   .          Reflect  .    (helmet restricted)
rElec   .          Harm     .    (no cloak)
rCorr   +          Rampage  .    (no gloves)
Will    .....                    (no boots)
Stlth   ..........               (no amulet)
HPRegen 0.25/turn                g - ring of resist corrosion
MPRegen 0.08/turn                (no ring)

@: no status effects
A: horns 2, retaliatory headbutt
a: no special abilities


You were on level 1 of the Dungeon.
You visited 1 branch of the dungeon, and saw 1 of its levels.

Inventory:

Hand Weapons
 a - a +0 trident (weapon)
Missiles
 e - 5 stones (quivered)
Armour
 c - a +0 buckler (worn)
 h - a +0 plate armour (worn)
Jewellery
 g - a ring of resist corrosion (left hand)
Scrolls
 b - a scroll of summoning {unknown}
 f - 2 scrolls of teleportation {unknown}
Potions
 d - a potion of might
 i - a potion of attraction {unknown}


   Skills:
 - Level 3.6 Fighting
 + Level 4.3 Polearms
 - Level 3.6 Armour
 - Level 3.6 Shields


You had 2 spell levels left.
You didn't know any spells.
Your spell library was empty.

Dungeon Overview and Level Annotations

Branches:
Dungeon (1/15)

Altars:


Innate Abilities, Weirdness & Mutations

You have a pair of horns on your head.
You reflexively headbutt those who attack you in melee.


Message History

No target in view!
No target in view!
A rat comes into view.
Found a stone and a robe.
A rat is nearby!
You barely miss the rat. Your headbutt misses the rat. The rat bites you.
You hit the rat but do no damage. You headbutt the rat.
The rat is heavily wounded.
The rat bites you but does no damage.
You barely miss the rat.
The rat is heavily wounded.
The rat bites you but does no damage.
You hit the rat but do no damage. You headbutt the rat.
You kill the rat!
No target in view!
A hobgoblin comes into view.
The hobgoblin shouts!
A hobgoblin is nearby!
A hobgoblin is nearby!
You reach to attack!
You closely miss the hobgoblin. You puncture the hobgoblin!
You kill the hobgoblin!
You have reached level 3!
Your experience leads to an increase in your attributes!
Increase (S)trength, (I)ntelligence, or (D)exterity?
You feel agile. x2
e - 5 stones (gained 1)
Found a stone staircase leading down.
A kobold comes into view.
It is wielding a +1 dagger of electrocution.
The kobold shouts!
There is a stone staircase leading down here.
You reach to attack!
You completely miss the kobold. You hit the kobold.
The kobold is severely wounded.
The kobold hits you but does no damage.
You are electrocuted!
You closely miss the kobold.
The kobold is severely wounded.
The kobold hits you but does no damage.
You are electrocuted!!
Ouch! That really hurt!
You die...

### #.. ########.#
##### ...[..##.#
...### ......##.#
....
......##.#######K#
................@#
......##.#.#####?#
......##.#.# #.#
......##.#.. ..#
......##.#### #.#
......##.# #.#
########.# #.# #.#
#.# #.# #.#


You could see a kobold.

Vanquished Creatures
  3 endoplasms (D:1)
  2 giant cockroaches (D:1)
  2 goblins (D:1)
  A hobgoblin (D:1)
  9 jackals (D:1)
  A ball python (D:1)
  A bat (D:1)
  2 frilled lizards (D:1)
  A kobold (D:1)
  3 rats (D:1)
25 creatures vanquished.

Notes
Turn   | Place    | Note
-------+----------+-------------------------------------------
     0 | D:1      | NinjaNoafa the Minotaur Fighter began the quest for the
                  | Orb.
     0 | D:1      | Reached XP level 1. HP: 19/19 MP: 0/0
    69 | D:1      | Reached skill level 3 in Polearms
   169 | D:1      | Reached XP level 2. HP: 26/26 MP: 1/1
   275 | D:1      | Reached skill level 4 in Polearms
   410 | D:1      | Reached XP level 3. HP: 31/31 MP: 2/2
   426 | D:1      | Slain by a kobold

Illustrated notes

Levels and vault maps discovered:
D:1:      dpeg_arrival_three_same_balls, layout_basic, hex_medium

Skill      XL: |  1  2 |
---------------+-------+-----
Polearms       | 3 4 |  4.3
Fighting       | |  3.6
Armour         | |  3.6
Shields        | |  3.6

Action                   || total
-------------------------++-------
Melee: Trident           ||    62
       Headbutt          ||     8
Armor: Scale mail        ||    17
       Plate armour      ||    10
Dodge: Dodged            ||    21
Block: Buckler           ||    12

Table legend: (Time is in decaauts)
 A = Elapsed time spent in this place.
 B = Non-inter-level travel time spent in this place.
 C = Inter-level travel time spent in this place.
 D = Time resting spent in this place.
 E = Time spent auto-exploring this place.
 F = Levels seen in this place.
 G = Mean time per level.
                   A        B        C        D        E       F      G
               +--------+--------+--------+--------+--------+-----+--------+
         Total |    435 |    435 |      0 |      0 |    306 |   1 |  435.0 |
       Dungeon |    435 |    435 |      0 |      0 |    306 |   1 |  435.0 |
               +--------+--------+--------+--------+--------+-----+--------+

Top non-repeatable levels by time:
     D:1: 435 daAuts
